% Time on Ice - WINNIPEG BEAVERS
Lines # - Real PCT - Wanted PCT - Time Play
Normal Forward
1 - 31% - 35% - 16:13
2 - 33% - 34% - 17:17
3 - 22% - 25% - 11:40
4 - 14% - 6% - 7:05
Normal Defense
1 - 37% - 36% - 19:06
2 - 32% - 34% - 16:28
3 - 30% - 25% - 15:44
4 - 2% - 5% - 0:57
PP Forward
1 - 68% - 52% - 2:41
2 - 32% - 48% - 1:17
PP Defense
1 - 36% - 55% - 1:26
2 - 64% - 45% - 2:32
PK Forward
1 - 61% - 51% - 2:19
2 - 39% - 49% - 1:28
PK Defense
1 - 35% - 53% - 1:19
2 - 65% - 47% - 2:28
PK3 Forward
1 - 0% - 55%
2 - 0% - 45%
PK3 Defense
1 - 0% - 55%
2 - 0% - 45%
44 Forward
1 - 0% - 52%
2 - 0% - 48%
44 Defense
1 - 0% - 52%
2 - 0% - 48%
Last Minute Offensive  - 0:00
Last Minute Defensive  - 0:00
Total
Forward - 60:00
Defense - 60:00
% Time on Ice - OAKLAND GORILLAS
Lines # - Real PCT - Wanted PCT - Time Play
Normal Forward
1 - 30% - 31% - 15:56
2 - 31% - 31% - 16:17
3 - 25% - 25% - 13:11
4 - 13% - 13% - 6:51
Normal Defense
1 - 38% - 38% - 19:45
2 - 35% - 36% - 18:32
3 - 27% - 26% - 13:58
4 - 0% - 0% - 0:00
PP Forward
1 - 66% - 55% - 2:29
2 - 34% - 45% - 1:18
PP Defense
1 - 52% - 55% - 1:57
2 - 48% - 45% - 1:50
PK Forward
1 - 62% - 55% - 2:28
2 - 38% - 45% - 1:30
PK Defense
1 - 58% - 55% - 2:19
2 - 42% - 45% - 1:39
PK3 Forward
1 - 0% - 55%
2 - 0% - 45%
PK3 Defense
1 - 0% - 55%
2 - 0% - 45%
44 Forward
1 - 0% - 55%
2 - 0% - 45%
44 Defense
1 - 0% - 55%
2 - 0% - 45%
Last Minute Offensive  - 0:00
Last Minute Defensive  - 0:00
Total
Forward - 60:00
Defense - 60:00
Play-by-Play 1st period 0:01 of 1st period - Derick Brassard wins face-off versus Aleksander Barkov in neutral zone. 0:08 of 1st period - Shot by Brayden Schenn. 0:08 of 1st period - Stopped by Thomas Greiss with a rebound. 0:40 of 1st period - Shot by Brock Nelson. 0:40 of 1st period - Stopped by Ville Husso without a rebound. 0:41 of 1st period - Logan Couture wins face-off versus Sam Bennett in WINNIPEG BEAVERS zone. 0:50 of 1st period - Shot by Logan Couture. 0:50 of 1st period - Shot Misses the Net. 0:52 of 1st period - Shot by Logan Couture. 0:52 of 1st period - Stopped by Ville Husso with a rebound. 1:15 of 1st period - Ryan Hartman is hit by Luke Schenn and loses puck. 1:37 of 1st period - Icing by Luke Schenn. 1:38 of 1st period - Colton Sissons wins face-off versus Sam Bennett in WINNIPEG BEAVERS zone. 1:53 of 1st period - Shot by Tomas Tatar. 1:53 of 1st period - Shot Misses the Net. 2:05 of 1st period - Shot by Tomas Tatar. 2:05 of 1st period - Stopped by Ville Husso with a rebound. 2:27 of 1st period - Shot by Sean Kuraly. 2:27 of 1st period - Stopped by Thomas Greiss without a rebound. 2:28 of 1st period - Brayden Schenn wins face-off versus Jack McBain in OAKLAND GORILLAS zone. 2:29 of 1st period - Shot by Alexander DeBrincat. 2:29 of 1st period - Shot Misses the Net. 3:26 of 1st period - Icing by Jonas Siegenthaler. 3:27 of 1st period - Aleksander Barkov wins face-off versus Sean Kuraly in OAKLAND GORILLAS zone. 3:42 of 1st period - Shot by Brock Boeser. 3:42 of 1st period - Stopped by Ville Husso without a rebound. 3:43 of 1st period - Trevor Lewis wins face-off versus Patrik Laine in WINNIPEG BEAVERS zone. 4:05 of 1st period - Off-side. 4:06 of 1st period - Sean Kuraly wins face-off versus Tomas Tatar in neutral zone. 4:11 of 1st period - Shot by Brandon Tanev. 4:11 of 1st period - Shot Misses the Net. 4:28 of 1st period - Shot by Brandon Tanev. 4:28 of 1st period - Shot Misses the Net. 5:10 of 1st period - Victor Hedman is hit by Hampus Lindholm and loses puck. 5:19 of 1st period - Shot by Brock Boeser. 5:19 of 1st period - Shot Misses the Net. 5:39 of 1st period - Shot by Alexander DeBrincat. 5:39 of 1st period - Stopped by Thomas Greiss without a rebound. 5:40 of 1st period - Logan Couture wins face-off versus Sam Bennett in OAKLAND GORILLAS zone. 5:56 of 1st period - Shot by Sam Bennett. 5:56 of 1st period - Goal by Sam Bennett - WINNIPEG BEAVERS : 1 - OAKLAND GORILLAS : 0. 5:57 of 1st period - Trevor Lewis wins face-off versus Jack McBain in neutral zone. 6:24 of 1st period - Shot by Jared Spurgeon. 6:24 of 1st period - Shot Blocked by Carson Soucy. 6:26 of 1st period - Shot by Jared Spurgeon. 6:26 of 1st period - Shot Misses the Net. 7:14 of 1st period - Shot by Sam Bennett. 7:14 of 1st period - Shot Misses the Net. 8:08 of 1st period - Shot by Brandon Tanev. 8:08 of 1st period - Shot Misses the Net. 9:27 of 1st period - Shot by Brock Nelson. 9:27 of 1st period - Deflect By Brock Boeser. 9:27 of 1st period - Stopped by Ville Husso with a rebound. 9:29 of 1st period - Shot by Jonas Siegenthaler. 9:29 of 1st period - Stopped by Ville Husso without a rebound. 9:30 of 1st period - Colton Sissons wins face-off versus Brandon Saad in WINNIPEG BEAVERS zone. 9:49 of 1st period - Shot by Sam Bennett. 9:49 of 1st period - Stopped by Thomas Greiss with a rebound. 9:51 of 1st period - Shot by John Carlson. 9:51 of 1st period - Shot Misses the Net. 9:53 of 1st period - Shot by Sam Bennett. 9:53 of 1st period - Stopped by Thomas Greiss without a rebound. 9:54 of 1st period - Jack McBain wins face-off versus Sean Kuraly in OAKLAND GORILLAS zone. 9:54 of 1st period - Jack McBain is hit by Sean Kuraly. 10:47 of 1st period - Icing by Hampus Lindholm. 10:48 of 1st period - Jack McBain wins face-off versus Brayden Schenn in OAKLAND GORILLAS zone. 12:23 of 1st period - Icing by John Carlson. 12:24 of 1st period - Logan Couture wins face-off versus Brayden Schenn in WINNIPEG BEAVERS zone. 12:31 of 1st period - Shot by Logan Couture. 12:31 of 1st period - Deflect By Ryan Hartman. 12:31 of 1st period - Shot Misses the Net. 13:03 of 1st period - Shot by Sam Bennett. 13:03 of 1st period - Stopped by Thomas Greiss without a rebound. 13:04 of 1st period - Sean Kuraly wins face-off versus Colton Sissons in OAKLAND GORILLAS zone. 14:25 of 1st period - Cameron York is hit by Sam Bennett. 15:30 of 1st period - Shot by Brock Boeser. 15:30 of 1st period - Shot Misses the Net. 16:12 of 1st period - Shot by Brandon Tanev. 16:12 of 1st period - Stopped by Thomas Greiss without a rebound. 16:13 of 1st period - Brandon Saad wins face-off versus Jack McBain in OAKLAND GORILLAS zone. 16:13 of 1st period - Minor Penalty to Jared Spurgeon for Cross-checking. 16:14 of 1st period - Logan Couture wins face-off versus Sam Bennett in OAKLAND GORILLAS zone. 16:14 of 1st period - Hampus Lindholm is hit by Sam Bennett and loses puck. 16:35 of 1st period - Shot by Alexander DeBrincat. 16:35 of 1st period - Shot Misses the Net. 16:47 of 1st period - Shot by Adam Larsson. 16:47 of 1st period - Shot Misses the Net. 16:49 of 1st period - Shot by Brayden Schenn. 16:49 of 1st period - Shot Blocked by Jonas Siegenthaler. 16:51 of 1st period - Shot by Brayden Schenn. 16:51 of 1st period - Stopped by Thomas Greiss without a rebound. 16:52 of 1st period - Sean Kuraly wins face-off versus Aleksander Barkov in OAKLAND GORILLAS zone. 18:15 of 1st period - Caleb Jones is hit by Cameron York and loses puck. 18:20 of 1st period - Shot by Trevor Lewis. 18:20 of 1st period - Stopped by Thomas Greiss without a rebound. 18:21 of 1st period - Sean Kuraly wins face-off versus Colton Sissons in OAKLAND GORILLAS zone. 18:26 of 1st period - Shot by Sean Kuraly. 18:26 of 1st period - Stopped by Thomas Greiss without a rebound. 18:27 of 1st period - Logan Couture wins face-off versus Brandon Tanev in OAKLAND GORILLAS zone. 19:11 of 1st period - Icing by Caleb Jones. 19:12 of 1st period - Aleksander Barkov wins face-off versus Sean Kuraly in WINNIPEG BEAVERS zone. 19:15 of 1st period - Shot by Brock Nelson. 19:15 of 1st period - Stopped by Ville Husso without a rebound. 19:16 of 1st period - Sam Bennett wins face-off versus Brock Boeser in WINNIPEG BEAVERS zone. 19:16 of 1st period - Sam Bennett is hit by Aleksander Barkov. 19:30 of 1st period - Shot by Adam Larsson. 19:30 of 1st period - Stopped by Thomas Greiss without a rebound. 19:31 of 1st period - Brayden Schenn wins face-off versus Tomas Tatar in OAKLAND GORILLAS zone. Goals for this period are 1 for WINNIPEG BEAVERS vs 0 for OAKLAND GORILLAS. Shots for this period are 12 for WINNIPEG BEAVERS vs 7 for OAKLAND GORILLAS. 2nd period 0:01 of 2nd period - Aleksander Barkov wins face-off versus Sam Bennett in neutral zone. 0:25 of 2nd period - Shot by Sam Bennett. 0:25 of 2nd period - Stopped by Thomas Greiss without a rebound. 0:26 of 2nd period - Brayden Schenn wins face-off versus Logan Couture in OAKLAND GORILLAS zone. 0:42 of 2nd period - Icing by Ryan Hartman. 0:43 of 2nd period - Sam Bennett wins face-off versus Logan Couture in OAKLAND GORILLAS zone. 0:59 of 2nd period - Logan Couture is hit by Luke Schenn and loses puck. 1:51 of 2nd period - Off-side. 1:52 of 2nd period - Tomas Tatar wins face-off versus Brayden Schenn in neutral zone. 2:01 of 2nd period - Shot by John Carlson. 2:01 of 2nd period - Stopped by Thomas Greiss with a rebound. 2:18 of 2nd period - Shot by Alexand